 Dungeon Crawl Stone Soup version 0.25-a0-558-g78a2afb0af (webtiles) character file.

Game seed: 9027774430237361244, levelgen mode: classic

78 EnegeticOcto the Skirmisher (level 4, -4/41 HPs)
             Began as a Minotaur Fighter on Feb 24, 2020.
             Slain by a gnoll
             ... wielding a +0 halberd
              (5 damage)
             ... on level 3 of the Dungeon.
             The game lasted 00:00:35 (764 turns).

EnegeticOcto the Skirmisher (Minotaur Fighter)       Turns: 764, Time: 00:00:35

Health: -4/41      AC:  8    Str: 21    XL:     4   Next: 15%
Magic:  3/3        EV:  4    Int:  5    God:
Gold:   71         SH:  0    Dex: 10    Spells: 3/3 levels left

rFire    . . .     SeeInvis .   a - +0 war axe
rCold    . . .     Gourm    .   c - +0 kite shield
rNeg     . . .     Faith    .   b - +0 scale mail
rPois    .         Spirit   .   (helmet restricted)
rElec    .         Reflect  .   (no cloak)
rCorr    .         Harm     .   (no gloves)
MR       .....                  l - +0 pair of boots
Stlth    ..........             (no amulet)
HPRegen  0.13/turn              (no ring)
MPRegen  0.08/turn              (no ring)

@: held
A: retaliatory headbutt, horns 2
a: no special abilities


You were on level 3 of the Dungeon.
You were not hungry.

You visited 1 branch of the dungeon, and saw 3 of its levels.

You collected 71 gold pieces.

Inventory:

Hand Weapons
 a - a +0 war axe (weapon)
Armour
 b - a +0 scale mail (worn)
 c - a +0 kite shield (worn)
 l - a +0 pair of boots (worn)
Scrolls
 g - a scroll of enchant weapon {unknown}
 h - a scroll of magic mapping {unknown}
 i - a scroll of blinking {unknown}
 m - a scroll of amnesia {unknown}
 n - a scroll of fog {unknown}
Potions
 f - 2 potions of stabbing {unknown}
 j - a potion of berserk rage {unknown}
 k - a potion of might {@q3}
Comestibles
 d - 17 chunks of flesh
 e - a ration


   Skills:
 * Level 4.4 Fighting
 * Level 3.4 Axes
 + Level 4.1 Armour
 + Level 1.1 Dodging
 + Level 4.1 Shields


You had 3 spell levels left.
You didn't know any spells.
Your spell library was empty.

Dungeon Overview and Level Annotations

Branches:
Dungeon (3/15)

Altars:


Innate Abilities, Weirdness & Mutations

You reflexively headbutt those who attack you in melee.
You have a pair of horns on your head.


Message History

You butcher the goblin corpse.
d - 13 chunks of flesh (gained 2)
Things that are here:
a +0 club; a goblin skeleton
Things that are here:
a +0 club; a goblin skeleton
Things that are here:
a +0 hand axe; an orc corpse You butcher the orc corpse.
d - 17 chunks of flesh (gained 4)
Things that are here:
a +0 hand axe; an orc skeleton
Things that are here:
a +0 hand axe; an orc skeleton
Things that are here:
a +0 club; a goblin skeleton
n - a scroll labeled OFI EDUTIXAUSS
There is an open door here.
You hear the rusting of a distant drain.
You open the door.
There is an open door here.
You open the door.
There is an open door here.
Found a stone staircase leading down.
Found a chain mail.
No target in view!
No target in view!
No target in view!
No target in view!
No target in view!
No target in view!
No target in view!
No target in view!
No target in view!
No target in view!
A quokka comes into view.
The quokka moves out of view.
An adder comes into view.
The adder hisses angrily.
You hear a shout! x2
The quokka bites you.
You hit the quokka. Your headbutt misses the quokka.
The quokka is lightly wounded.
You hear the rusting of a distant drain.
You block the quokka's attack.
A gnoll comes into view. It is wielding a +0 whip.
The quokka barely misses you. You furiously retaliate!
You headbutt the quokka!
You kill the quokka!
A gnoll comes into view. It is wielding a +0 halberd.
The gnoll shouts!
A gnoll comes into view. It is wielding a +0 spear.
You hit the adder.
The adder is moderately wounded.
The adder bites you but does no damage.
A gnoll comes into view. It is wielding a +0 spear.
You hit the adder.
The adder is heavily wounded.
You block the adder's attack. x2
You closely miss the adder.
You headbutt the adder, but do no damage.
The adder is heavily wounded.
The adder bites you. x2
Your shield and scale mail prevent you from hitting the adder.
The adder is heavily wounded.
You hit the gnoll but do no damage. The adder barely misses you.
The gnoll hits you with a +0 whip.
The gnoll hits you from afar with a +0 halberd!
The adder bites you but does no damage. The gnoll hits you but does no damage.
You closely miss the adder. Your headbutt misses the adder.
The adder is heavily wounded.
You hit the gnoll.
The gnoll hits you from afar with a +0 halberd!
You block the adder's attack. You block the gnoll's attack.
The adder bites you.
You are too injured to fight recklessly!
You are too injured to fight recklessly!
You are too injured to fight recklessly!
You are too injured to fight recklessly!
You are too injured to fight recklessly!
You are too injured to fight recklessly!
You are too injured to fight recklessly!
You are too injured to fight recklessly!
You are too injured to fight recklessly!
You slash the adder!
You kill the adder!
You closely miss the gnoll.
The gnoll throws a throwing net.
The throwing net hits you.
You become entangled in the net!
The gnoll hits you but does no damage.
The gnoll hits you from afar with a +0 halberd!
* * * LOW HITPOINT WARNING * * *
You are too injured to fight recklessly!
You struggle against the net.
The gnoll barely misses you. The gnoll hits you but does no damage.
The gnoll hits you from afar with a +0 spear.
* * * LOW HITPOINT WARNING * * *
Unknown command.
You struggle against the net.
The gnoll hits you but does no damage.
The gnoll hits you from afar with a +0 spear.
* * * LOW HITPOINT WARNING * * *
The gnoll hits you from afar with a +0 halberd.
You die...

#....#.. #.#
###....#.# ####'##
.......#.# #.....#
.......#.# #.....#
...[.....# #.....#
........g# ####'##
.......gg# #.#
.......g†# #.#
......†#@########.#
########>.........#
############


You could see 4 gnolls.

Vanquished Creatures
  3 adders
  An ooze (D:3)
  A leopard gecko (D:1)
  An orc (D:3)
  5 bats
  A giant cockroach (D:1)
  2 goblins
  6 hobgoblins
  4 jackals (D:3)
  5 kobolds (D:1)
  A quokka (D:3)
  6 frilled lizards
  9 rats
45 creatures vanquished.

Notes
Turn   | Place    | Note
-------+----------+-------------------------------------------
     0 | D:1      | EnegeticOcto the Minotaur Fighter began the quest for the
                  | Orb.
     0 | D:1      | Reached XP level 1. HP: 19/19 MP: 0/0
   116 | D:1      | Reached XP level 2. HP: 19/27 MP: 1/1
   418 | D:2      | Reached XP level 3. HP: 32/33 MP: 2/2
   567 | D:3      | Reached skill level 1 in Dodging
   653 | D:3      | Reached XP level 4. HP: 36/41 MP: 3/3
   764 | D:3      | HP: 1/41 [gnoll/+0 spear (5)]
   764 | D:3      | Slain by a gnoll

Levels and vault maps discovered:
D:1:      dpeg_arrival_arbitrary_b, layout_rooms
D:2:      layout_basic
D:3:      layout_basic, portal_sewer_entry_f, uniq_jessica

Skill      XL: |  1  2  3 |
---------------+----------+-----
Fighting       | 4 |  4.4
Axes           | 3 |  3.4
Armour         | 4 |  4.1
Shields        | 4 |  4.1
Dodging        | 1 |  1.1

Action                   |  1- 3 |  4- 6 || total
-------------------------+-------+-------++-------
Melee: War axe           |    86 |     7 ||    93
       Headbutt          |    13 |     1 ||    14
Armor: Scale mail        |    43 |     6 ||    49
Dodge: Dodged            |    35 |     3 ||    38
Block: Kite shield       |    72 |     5 ||    77

Table legend:
 A = Non-vault XP
 B = Vault XP
 C = Vault XP percentage of total XP
 D = Non-vault monster count
 E = Vault monster count
 F = Vault count percentage of total count
                 A         B        C        D         E       F
            +---------+---------+-------+---------+---------+-------
      Total |     112 |       0 |   0.0 |      45 |       0 |   0.0
            +---------+---------+-------+---------+---------+-------
        D:1 |      37 |       0 |   0.0 |      24 |       0 |   0.0
        D:2 |      34 |       0 |   0.0 |       8 |       0 |   0.0
        D:3 |      41 |       0 |   0.0 |      13 |       0 |   0.0
            +---------+---------+-------+---------+---------+-------
